 Dungeon Crawl Stone Soup version 0.21-a0-142-gdd972a7 (webtiles) character file.

63 Gorglomux the Skirmisher (level 4, -1/38 HPs)
             Began as a Hill Orc Wizard on July 23, 2017.
             Slain by an adder (3 damage)
             ... on level 2 of the Dungeon.
             The game lasted 00:04:34 (2137 turns).

Gorglomux the Skirmisher (Hill Orc Wizard)          Turns: 2137, Time: 00:04:35

Health: -1/38      AC:  2    Str:  9 (10) XL:     4   Next: 9%
Magic:  7/7        EV: 12    Int: 16 (18) God:
Gold:   89         SH:  0    Dex:  8 (9)  Spells: 4/7 levels left

rFire    . . .     SeeInvis .   a - +3 war axe
rCold    . . .     Gourm    .   (no shield)
rNeg     . . .     Faith    .   l - +0 robe
rPois    .         Spirit   .   b - +0 hat
rElec    .         Reflect  .   (no cloak)
rCorr    .         Harm     .   (no gloves)
MR       .....                  (no boots)
Stlth    +.........             (no amulet)
HPRegen  0.12/turn              (no ring)
MPRegen  0.10/turn              (no ring)

@: lethally poisoned (-1 -> -13), hasted, very quick
A: no striking features
a: no special abilities


You were on level 2 of the Dungeon.
You were not hungry.

You visited 1 branch of the dungeon, and saw 2 of its levels.

You collected 89 gold pieces.

Inventory:

Hand Weapons
 a - a +3 war axe (weapon)
Armour
 b - a +0 hat (worn)
 l - a +0 robe (worn)
Scrolls
 f - a scroll of enchant weapon {unknown}
Potions
 q - a potion of resistance
Books
 c - a book of Minor Magic

   Spells                             Type                      Level
   a - Magic Dart                     Conjuration                  1
   b - Blink                          Translocation                2
   c - Call Imp                       Summoning                    2
   d - Slow                           Hexes                        2
   e - Conjure Flame                  Conjuration/Fire             3
   f - Mephitic Cloud                 Conjuration/Poison/Air       3
Comestibles
 d - a bread ration
 o - 3 fruits
 s - 4 chunks of flesh


   Skills:
 - Level 3.1 Fighting
 + Level 2.9 Axes
 - Level 1.5 Dodging
 - Level 1.5 Stealth
 - Level 2.4 Spellcasting
 - Level 1.0 Conjurations
 - Level 1.0 Summonings
   Level 0.7 Translocations


You had 4 spell levels left.
You knew the following spells:

 Your Spells              Type           Power        Failure   Level  Hunger
a - Magic Dart            Conj           #...         13%         1    #......
b - Call Imp              Summ           #.......     21%         2    ###....


Dungeon Overview and Level Annotations

Branches:
Dungeon (2/15)

Altars:


Message History

You feel sick! The adder closely misses you!
It was a potion of heal wounds!
You feel much better!
You feel sick! The adder closely misses you! The adder misses you!
It was a potion of haste!
You feel yourself speed up!
You feel sick! The butt bites you!
You closely miss the adder!
You feel sick! The adder bites you!
You closely miss the adder! * * * don't butt
* * * You feel sick!
The adder bites you! * * * don't die
* * * You miss the adder! * * * don'butt die
* * * You feel sick!
The adder completely misses you!
You closely miss the adder! * * * don't die
* * * You feel sick!
The adder misses you!
You barely miss the adder! * * * don't die
* * * You feel sick!
The adder bites you! rip

........##........<
#..................
#.......##...>.....
......##.........
.....[##......... ####
#.##..##w........
...#######.#
#รท##KrK..$...
##.........###..#S########
#########....##.@.# ##
##.#....#.#
....#####.....###..#
...........##..###.#
....######.###.# .#
.......##..# #.###.###
.......##.## #.......#
.......##.# ##......#
.......##.# #......##


You could see a worm, an adder, 2 kobolds and a rat.

Vanquished Creatures
  2 adders (D:2)
  2 worms (D:2)
  A leopard gecko (D:2)
  A ball python (D:1)
  6 bats
  A giant cockroach (D:1)
  3 goblins
  5 hobgoblins
  A quokka (D:2)
  5 frilled lizards
  5 kobolds
  7 rats
39 creatures vanquished.

Notes
Turn   | Place    | Note
-------+----------+-------------------------------------------
     0 | D:1      | Gorglomux the Hill Orc Wizard began the quest for the Orb.
     0 | D:1      | Reached XP level 1. HP: 14/14 MP: 3/3
    34 | D:1      | Reached skill level 1 in Fighting
   478 | D:1      | Reached skill level 2 in Fighting
   478 | D:1      | Reached XP level 2. HP: 24/24 MP: 1/5
  1092 | D:1      | Reached skill level 3 in Fighting
  1188 | D:2      | Reached XP level 3. HP: 31/31 MP: 1/6
  1412 | D:2      | Reached skill level 1 in Axes
  1583 | D:2      | Learned a level 2 spell: Call Imp
  2129 | D:2      | Reached XP level 4. HP: 7/38 MP: 7/7
  2137 | D:2      | Slain by an adder

Vault maps used:
D:1:      lightli_molten_gateway
D:2:      nicolae_overflow_hidden_temple

Skill      XL: |  1  2  3 |
---------------+----------+-----
Fighting       | 2 3 |  3.1
Axes           | 2 |  2.9
Dodging        | |  1.5
Stealth        | |  1.5
Spellcasting   | |  2.4
Conjurations   | |  1.0
Summonings     | |  1.0
Translocations | |  0.7

Action                   |  1- 3 |  4- 6 || total
-------------------------+-------+-------++-------
Melee: Club              |    13 |       ||    13
       Unarmed           |     4 |       ||     4
       Short sword       |    33 |       ||    33
       War axe           |    36 |     5 ||    41
 Cast: Magic Dart        |    50 |       ||    50
       Call Imp          |     1 |       ||     1
  Use: Potion            |       |     3 ||     3
 Stab: Sleeping          |     1 |       ||     1
  Eat: Chunk             |     4 |       ||     4
Armor: Robe              |    19 |     2 ||    21
Dodge: Dodged            |    83 |     5 ||    88
